 Dungeon Crawl Stone Soup version 0.31.0-32-g396128a36d (webtiles) character file.

Game seed: 3316738291905963431

158 PaiMei the Grave Robber (level 5, -1/38 HPs)
             Began as a Demonspawn Necromancer on Apr 17, 2024.
             Killed from afar by Sigmund (5 damage)
             ... with a magic dart
             ... on level 3 of the Dungeon.
             The game lasted 00:04:37 (3297 turns).

PaiMei the Grave Robber (Demonspawn Necromancer)    Turns: 3297, Time: 00:04:37

Health: -1/38      AC:  5    Str:  9    XL:     5   Next: 16%
Magic:  8/9        EV: 12    Int: 17    God:
Gold:   83         SH:  0    Dex: 13    Spells: 6/10 levels left

rFire   . . .        f - +4 short sword
rCold   . . .        (no shield)
rNeg    . . .        a - +0 robe
rPois   .            (no helmet)
rElec   .            (no cloak)
rCorr   .            (no gloves)
SInv    .            h - +2 pair of boots
Will    .....        (no amulet)
Stlth   ++           (no ring)
HPRegen 0.26/turn    (no ring)
MPRegen 0.22/turn

%: no passive effects
@: no status effects
A: hooves 1, magic regeneration, sturdy frame 1
a: no special abilities


You were on level 3 of the Dungeon.
You visited 1 branch of the dungeon, and saw 3 of its levels.

You collected 125 gold pieces.
You spent 42 gold pieces at shops.

Inventory:

Hand Weapons
 f - a +4 short sword (weapon)
Missiles
 m - 4 poisoned darts (quivered)
Armour
 a - a +0 robe (worn)
 h - a +2 pair of boots (worn)
Scrolls
 c - a scroll of vulnerability {unknown}
 g - a scroll of teleportation
 j - a scroll of revelation {unknown}
 k - a scroll of identify {unknown}
 l - a scroll of poison {unknown}
Potions
 b - a potion of magic
 d - 2 potions of attraction {unknown}
 e - 2 potions of heal wounds {unknown}
 i - 2 potions of curing {unknown}


   Skills:
 + Level 1.9 Fighting
 + Level 2.9 Dodging
 - Level 2.0 Stealth
 + Level 3.0 Spellcasting
 + Level 5.2 Necromancy


You had 6 spell levels left.
You knew the following spells:

 Your Spells              Type           Power      Damage    Failure   Level
a - Necrotise             Necr           80%        1d8       1%          1
b - Vampiric Draining     Necr           20%        2d7       6%          3

Your spell library contained the following spells:

 Spells                   Type           Power      Damage    Failure   Level
 Cigotuvi's Dreadful Rot  Necr/Alch/Air  16%        N/A       13%         2
 Animate Dead             Necr           20%        N/A       21%         4
 Curse of Agony           Necr           20%        N/A       50%         5
 Ignite Poison            Fire/Alch      2%         N/A       86%         4
 Freezing Cloud           Conj/Ice/Air   1%         6-21      99%         5


Dungeon Overview and Level Annotations

Branches:
Dungeon (3/15)

Altars:

Shops:
D:1 *

Annotations:
D:2 1 runed translucent door, Crazy Yiuf
D:3 Sigmund


Innate Abilities, Weirdness & Mutations

You have large cloven feet.
You regenerate magic rapidly.
Your movements are slightly less encumbered by armour. (ER -2)


Message History

You resist with some effort.
Your adder skeleton bites Sigmund.
The orc wizard gestures wildly while chanting.
The orc wizard flickers and vanishes!
Deactivating autopickup; reactivate with Ctrl-A.
Sigmund gestures at you while chanting. The magic dart hits you.
Your adder skeleton bites Sigmund but does no damage.
Sigmund flickers, as though insubstantial.
The kobold throws a poisoned dart.
The poisoned dart completely misses your adder skeleton.
The poisoned dart hits the plant!
The endoplasm hits your orc skeleton.
Sigmund points at you and mumbles some strange words.
The puff of flame hits you!
* * * LOW HITPOINT WARNING * * *
You are confused.
Your adder skeleton bites Sigmund but does no damage.
The kobold throws a poisoned dart.
The poisoned dart closely misses your adder skeleton.
There is an open door here.
You see here a +0 short sword.
Your adder skeleton closely misses Sigmund.
You bump into the rock wall.
The kobold hits your adder skeleton with a +0 club.
Your adder skeleton bites the kobold.
Something hits your orc skeleton.
Sigmund points at you and mumbles some strange words.
The puff of flame hits you!
* * * LOW HITPOINT WARNING * * *
Your orc skeleton hits Sigmund.
You feel less confused.
The kobold hits your adder skeleton with a +0 club.
Your adder skeleton closely misses the kobold.
Something hits your adder skeleton.
A puff of flame appears from out of thin air!
The puff of flame misses you. Sigmund casts a spell at you.
The magic dart hits you.
You die...
Sigmund begins carving another notch in his scythe.

.......# #..# #..#....#..###
.......# #..####............###
.......##+#..#..#..#.......#...##
####.#S......#..#.......#..)##...
#.#.......##'##.##.......##.##
#.#.####...#..#....#.#...##.#
#..o# #.⌠.#..#....#......#.#
##..# #...#..#.#..##.......#
##.##+##..##@#.#..##......## #
##.#...#.......#..##...#..#
#####..#...'.{@....#..##.>.#..#
...##..#...#.Z####....##...#..#
....#{.#####Z.#..#......
.......#(.#.K.'..#..###..
.......#..'P.Z####... #
.@.$...####..J.....##.
......K............# .#


You could see Sigmund (ally target), a kobold (distracted), a friendly adder
skeleton and a friendly orc skeleton.

Vanquished Creatures
  An orc priest (D:3)
  6 adders
  A ribbon worm (D:2)
  4 orcs (D:3)
  4 endoplasms
  2 giant cockroaches (D:1)
  3 goblins
  7 hobgoblins
  2 jackals (D:2)
  6 kobolds
  3 quokkas
  5 ball pythons
  5 bats
  2 frilled lizards
  4 rats
55 creatures vanquished.

Vanquished Creatures (collateral kills)
  A dart slug (D:2)
  A ribbon worm (D:3)
  An endoplasm (D:3)
  A goblin (D:1)
  A hobgoblin (D:1)
  2 jackals (D:2)
  3 rats
10 creatures vanquished.

Grand Total: 65 creatures vanquished

Notes
Turn   | Place    | Note
-------+----------+-------------------------------------------
     0 | D:1      | PaiMei the Demonspawn Necromancer began the quest for the
                  | Orb.
     0 | D:1      | Reached XP level 1. HP: 13/13 MP: 3/3
   208 | D:1      | Gained mutation: Your movements are slightly less
                  | encumbered by armour. (ER -2) [demonic ancestry]
   208 | D:1      | Reached XP level 2. HP: 19/19 MP: 0/5
   740 | D:1      | Found Vehuzo's General Store.
   777 | D:1      | Bought a scroll of teleportation for 42 gold pieces
  1446 | D:2      | Gained mutation: You regenerate magic rapidly. [demonic
                  | ancestry]
  1446 | D:2      | Reached XP level 3. HP: 25/25 MP: 4/6
  1450 | D:2      | Learned a level 3 spell: Vampiric Draining
  1484 | D:2      | Found a runed translucent door.
  1485 | D:2      | Noticed Crazy Yiuf
  1612 | D:2      | Reached skill level 1 in Fighting
  2499 | D:3      | Noticed Sigmund
  2714 | D:3      | Gained mutation: You have large cloven feet. [demonic
                  | ancestry]
  2714 | D:3      | Reached XP level 4. HP: 32/32 MP: 4/7
  2956 | D:2      | Reached skill level 5 in Necromancy
  3113 | D:3      | Reached XP level 5. HP: 30/38 MP: 0/9
  3297 | D:3      | Killed from afar by Sigmund

Illustrated notes

Levels and vault maps discovered:
D:1:      scummos_arrival_checkerplants, layout_basic, serial_shops, shop
D:2:      layout_loops_ring, serial_aquarium, aquarium_bridge_square
          [aquarium_subvault_balcony, aquarium_subvault_bridge,
          aquarium_subvault_bridge, aquarium_subvault_balcony],
          aquarium_window_3, aquarium_window_1, aquarium_view_2b,
          aquarium_view_2c, aquarium_pool_2, uniq_crazy_yiuf_cottage
D:3:      corexii_shack_village, layout_rooms, st_stairs_4, uniq_sigmund

Skill      XL: |  1  2  3  4  5 |
---------------+----------------+-----
Dodging        | 2 |  2.9
Stealth        | 2 |  2.0
Fighting       | 1 |  1.9
Necromancy     | 5 |  5.2
Spellcasting   | 3 |  3.0

Action                     |  1- 3 |  4- 6 || total
---------------------------+-------+-------++-------
  Melee: Unarmed           |    10 |       ||    10
         Short sword       |     7 |    12 ||    19
   Cast: Necrotise         |    83 |    40 ||   123
         Vampiric Draining |       |     1 ||     1
   Stab: Distracted        |       |     1 ||     1
 Armour: Robe              |    34 |    25 ||    59
  Dodge: Dodged            |    47 |    35 ||    82
